 Dungeon Crawl Stone Soup version 0.31-a0-875-g02e7d12df6 (webtiles) character file.

Game seed: 9665799249124259436

8187 wvc the Geomancer (level 11, -6/66 HPs)
             Began as a Gargoyle Earth Elementalist on Oct 12, 2023.
             Was a Priest of the Shining One.
             Killed from afar by an acid dragon (33 damage)
             ... with a splash of acid
             ... on level 9 of the Dungeon.
             The game lasted 00:22:24 (8128 turns).

wvc the Geomancer (Gargoyle Earth Elementalist)     Turns: 8128, Time: 00:22:24

Health: -6/66      AC: 19    Str: 12    XL:     11   Next: 26%
Magic:  11/25      EV: 11    Int: 26    God:    the Shining One [***...]
Gold:   286        SH:  0    Dex: 10    Spells: 24/30 levels left

rFire   . . .        A - staff of conjuration
rCold   . . .        (no shield)
rNeg    + + .        C - +0 steam dragon scales
rPois   ∞            l - +2 helmet
rElec   +            x - +0 cloak {Stlth+}
rCorr   .            j - +1 pair of gloves
SInv    .            (no boots)
Will    +....        q - amulet of faith
Stlth   +            n - +6 ring of intelligence
HPRegen 0.31/turn    o - ring of willpower
MPRegen 0.19/turn

%: faith
@: glowing
A: sickness immunity, AC +8, negative energy resistance 1, electricity
resistance, torment resistance 1, petrification resistance
a: Renounce Religion, Divine Shield, Cleansing Flame


You were on level 9 of the Dungeon.
You worshipped the Shining One.
The Shining One was most pleased with you.
You visited 2 branches of the dungeon, and saw 10 of its levels.

You collected 437 gold pieces.
You spent 151 gold pieces at shops.

Inventory:

Hand Weapons
 y - a +4 heavy dagger
Missiles
 f - 2 poisoned darts
 h - 8 curare-tipped darts
Armour
 b - a +1 hat
 j - a +1 pair of gloves (worn)
 l - a +2 helmet (worn)
 x - a +0 cloak of stealth (worn)
 C - +0 steam dragon scales (worn)
Magical Staves
 A - a staff of conjuration (weapon)
Jewellery
 a - a ring of fire
 e - a ring of ice
 n - a +6 ring of intelligence (left hand)
 o - a ring of willpower (right hand)
 q - an amulet of faith (around neck)
Wands
 r - a wand of charming (11)
 t - a wand of flame (13)
 z - a wand of quicksilver (8)
Scrolls
 c - 2 scrolls of amnesia
 i - 2 scrolls of revelation
 m - 2 scrolls of teleportation
 u - a scroll of enchant armour
Potions
 d - a potion of lignification {unknown}
 g - a potion of attraction {unknown}
 k - a potion of brilliance
 p - 3 potions of might
 s - a potion of mutation {unknown}
 v - a potion of ambrosia
 w - 3 potions of curing
 B - 2 potions of heal wounds


   Skills:
 + Level 6.5 Fighting
 - Level 1.5 Dodging
 - Level 2.1 Stealth
 - Level 10.0 Spellcasting
 - Level 10.0 Conjurations
 - Level 0.7 Transmutations
 - Level 10.0 Earth Magic
 - Level 1.4 Evocations


You had 24 spell levels left.
You knew the following spells:

 Your Spells              Type           Power      Damage    Failure   Level
a - Sandblast             Erth           100%       2d20      1%          1
b - Stone Arrow           Conj/Erth      100%       3d13      1%          3
c - Blink                 Tloc           26%        N/A       7%          2

Your spell library contained the following spells:

 Spells                   Type           Power      Damage    Failure   Level
 Momentum Strike          Conj/Tloc      100%       3d10      1%          2
 Passwall                 Tmut/Erth      33%        N/A       1%          2
 Brom's Barrelling Bould  Conj/Erth      78%        2d9       1%          4
 Petrify                  Tmut/Erth      40%        N/A       4%          4
 Iskenderun's Mystic Bla  Conj/Tloc      55%        2d12      6%          4
 Ensorcelled Hibernation  Hex/Ice        26%        N/A       7%          2
 Jinxbite                 Hex            26%        N/A       7%          2
 Lesser Beckoning         Tloc           26%        N/A       7%          2
 Ozocubu's Armour         Ice            13%        N/A       14%         3
 Tukima's Dance           Hex            13%        N/A       14%         3
 Anguish                  Hex/Necr       6%         N/A       41%         4
 Dimensional Bullseye     Hex/Tloc       6%         N/A       41%         4
 Ozocubu's Refrigeration  Ice            6%         4d8       100%        7


Dungeon Overview and Level Annotations

Branches:
Dungeon (9/15)             Temple (1/1) D:7            Lair (0/5) D:8
    Orc: D:9-12

Altars:
Cheibriados
Dithmenos
Elyvilon
Fedhas
Gozag
Hepliaklqana
Kikubaaqudgha
Nemelex Xobeh
Okawaru
Ru
Sif Muna
Trog
Uskayaw
Vehumet
Wu Jian
Xom
Yredelemnul
Zin
The Shining One

Shops:
D:3 [   D:9 *

Annotations:
D:4 1 runed translucent door, Crazy Yiuf
D:8 1 runed translucent door, AceOff's ghost, novice DsGl


Innate Abilities, Weirdness & Mutations

You are immune to sickness and miasma.
Your stone body is resilient. (AC +8)
You are immune to poison.
You resist negative energy. (rN+)
You are resistant to electric shocks. (rElec)
You are resistant to unholy torment.
You are immune to petrification.


Message History

The fireball explodes!
The fireball engulfs you!
You hear a shout!
Casting: Sandblast (safe; 1% risk of failure)
Confirm with . or Enter, or press ? or * to list all spells.
Aiming: Stone Arrow (safe; 1% risk of failure)
Press: ? - help, Shift-Dir - straight line, f - Erolcha
Aim: Erolcha, wielding a +0 giant club and wearing a +0 robe (slightly transparent, haloed, 90% to hit)
You feel a surge of power!
The stone arrow hits Erolcha!!
Erolcha is moderately wounded.
An acid dragon comes into view.
You can now channel blasts of cleansing flame.
Erolcha casts a spell at you.
The fireball explodes!
The fireball engulfs you!!
Casting: Stone Arrow (safe; 1% risk of failure)
Confirm with . or Enter, or press ? or * to list all spells.
Aiming: Stone Arrow (safe; 1% risk of failure)
Press: ? - help, Shift-Dir - straight line, f/p - Erolcha
Aim: Erolcha, wielding a +0 giant club and wearing a +0 robe (moderately wounded, slightly transparent, haloed, 90% to hit)
You feel a surge of power!
The stone arrow hits Erolcha!
Erolcha is heavily wounded.
Casting: Stone Arrow (safe; 1% risk of failure)
Confirm with . or Enter, or press ? or * to list all spells.
Aiming: Stone Arrow (safe; 1% risk of failure)
Press: ? - help, Shift-Dir - straight line, f/p - Erolcha
Aim: Erolcha, wielding a +0 giant club and wearing a +0 robe (heavily wounded, slightly transparent, haloed, 90% to hit)
You feel a surge of power!
The stone arrow hits Erolcha!!
Erolcha is almost dead.
Casting: Stone Arrow (safe; 1% risk of failure)
Confirm with . or Enter, or press ? or * to list all spells.
Aiming: Stone Arrow (safe; 1% risk of failure)
Press: ? - help, Shift-Dir - straight line, f/p - Erolcha
Aim: Erolcha, wielding a +0 giant club and wearing a +0 robe (almost dead, slightly transparent, haloed, 90% to hit)
You feel a surge of power!
The stone arrow hits Erolcha!
You kill Erolcha!
The Shining One accepts your kill.
Reactivating autopickup.
The acid dragon spits acid at you. The splash of acid hits you!!
Ouch! That really hurt!
You die...

.. .. .# .## ##.# #.#
... .##.>.# #.# ...
......##.# #)#
.##....##.# # #D#
........#.#
#.###)###.#........#
.##....@....# #.#.∩..###
..!.........#.#.#.......
#######.###..........###
#.# ##.#.#.#.## # #.#
#.#.#.#.# ## #.#
#.#.#.#.# #. #.#
#.#.#.#.####
#.#####.#.......<.
#...........#.####


You could see an acid dragon (catching breath).

Vanquished Creatures
  Gastronok (D:8)
  Erolcha (D:9)
  A two-headed ogre (D:9)
  Pikel (D:8)
  An ugly thing (D:9)
  An elephant (D:8)
  Maurice (D:8)
  Maggie (D:7)
  A hornet (D:7)
  Grinder (D:6)
  A wyvern (D:7)
  A yak (D:8)
  2 steam dragons (D:8)
  2 water moccasins
  An orc warrior (D:8)
  3 ice beasts
  3 black bears
  A sky beast (D:7)
  An ogre (D:5)
  A centaur (D:7)
  2 phantoms (D:5)
  2 kobold brigands
  A lemure (D:8)
  2 bullfrogs
  4 scorpions
  5 wights (D:6)
  11 killer bees
  6 jellies
  8 hounds
  5 orc priests
  3 gnoll boudas
  3 iguanas (D:5)
  A sleepcap (D:6)
  7 orc wizards
  14 gnolls
  11 adders
  A shadow imp (D:7)
  An ufetubus (D:5)
  2 worms (D:2)
  9 dart slugs
  23 orcs
  9 ball pythons
  3 bats
  9 endoplasms
  5 giant cockroaches
  9 goblins
  4 hobgoblins
  8 jackals
  13 kobolds
  2 quokkas (D:1)
  3 frilled lizards
  2 rats
214 creatures vanquished.

Notes
Turn   | Place    | Note
-------+----------+-------------------------------------------
     0 | D:1      | wvc the Gargoyle Earth Elementalist began the quest for the
                  | Orb.
     0 | D:1      | Reached XP level 1. HP: 10/10 MP: 3/3
   158 | D:1      | Reached XP level 2. HP: 9/15 MP: 0/5
   454 | D:1      | Reached XP level 3. HP: 19/19 MP: 4/6
   709 | D:1      | Reached skill level 5 in Earth Magic
  1064 | D:2      | Reached XP level 4. HP: 24/24 MP: 2/7
  1429 | D:2      | Learned a level 3 spell: Stone Arrow
  1432 | D:2      | Learned a level 2 spell: Blink
  1887 | D:3      | Reached XP level 5. HP: 28/28 MP: 2/9
  2417 | D:3      | Found Tocudigu's Armour Emporium.
  2421 | D:3      | Bought a +0 cloak for 54 gold pieces
  2637 | D:4      | Reached XP level 6. HP: 32/32 MP: 8/11
  3009 | D:4      | Found a runed translucent door.
  3010 | D:4      | Noticed Crazy Yiuf
  3257 | D:4      | Noticed a black bear
  3264 | D:4      | Killed a black bear
  3265 | D:4      | Reached XP level 7. HP: 36/36 MP: 4/13
  3513 | D:5      | Entered Level 5 of the Dungeon
  3927 | D:5      | Reached skill level 5 in Spellcasting
  3959 | D:5      | Reached XP level 8. HP: 41/41 MP: 8/15
  4120 | D:5      | Found an ancient bone altar of Kikubaaqudgha.
  4121 | D:5      | Found a sparkling altar of Nemelex Xobeh.
  4153 | D:5      | Found a glowing golden altar of the Shining One.
  4193 | D:5      | Became a worshipper of the Shining One
  4490 | D:5      | Reached skill level 10 in Earth Magic
  4637 | D:6      | Reached skill level 1 in Conjurations
  4913 | D:6      | Reached * piety under the Shining One
  4931 | D:6      | Reached XP level 9. HP: 30/45 MP: 5/19
  5072 | D:6      | Noticed Grinder
  5078 | D:6      | Killed Grinder
  5191 | D:6      | Reached ** piety under the Shining One
  5326 | D:7      | Noticed Maggie
  5332 | D:7      | Killed Maggie
  5592 | D:7      | Noticed a hornet
  5594 | D:7      | Killed a hornet
  5870 | D:7      | Reached XP level 10. HP: 50/50 MP: 19/23
  5938 | D:7      | Found a staircase to the Ecumenical Temple.
  6002 | Temple   | Entered the Ecumenical Temple
  6198 | D:8      | Reached skill level 10 in Spellcasting
  6198 | D:8      | Reached skill level 5 in Conjurations
  6513 | D:8      | Noticed Gastronok
  6529 | D:8      | Killed Gastronok
  6767 | D:8      | Found a runed translucent door.
  6772 | D:8      | Noticed AceOff's ghost (novice DsGl)
  6857 | D:8      | Noticed an elephant
  6875 | D:8      | Killed an elephant
  6899 | D:8      | Reached skill level 10 in Conjurations
  7079 | D:8      | Reached skill level 1 in Evocations
  7119 | D:8      | Noticed Pikel
  7146 | D:8      | Killed Pikel
  7147 | D:8      | Reached XP level 11. HP: 60/60 MP: 14/25
  7308 | D:8      | Found a staircase to the Lair.
  7514 | D:8      | Noticed Maurice
  7521 | D:8      | Killed Maurice
  7522 | D:8      | Reached skill level 5 in Fighting
  7905 | D:9      | Noticed a two-headed ogre
  7909 | D:9      | Killed a two-headed ogre
  8000 | D:9      | Noticed a purple ugly thing
  8003 | D:9      | Killed a purple ugly thing
  8086 | D:9      | Found Ygequuc's General Store.
  8094 | D:9      | Bought a scroll of enchant armour for 97 gold pieces
  8120 | D:9      | Noticed Erolcha
  8125 | D:9      | Reached *** piety under the Shining One
  8128 | D:9      | Killed Erolcha
  8128 | D:9      | Killed from afar by an acid dragon

Illustrated notes

Levels and vault maps discovered:
D:1:      co_arrival_square_in_a_square_in_a_square, layout_loops_ring,
          nicolae_kite_square_tiling_tiny
D:2:      cheibrodos_helix_gallery, layout_basic, minmay_misc_feat_cross
D:3:      layout_basic, serial_shops, shop, serial_curves, eino_curves_02,
          eino_curves_04
D:4:      layout_loops_cross, minmay_bent, uniq_crazy_yiuf_cottage
D:5:      layout_loops_corners, minitemple
D:6:      layout_basic, uniq_grinder
D:7:      layout_basic, minmay_temple_entry_overgrown, uniq_maggie
D:8:      layout_basic, david_lair_generic, ebering_ghost_reflecting_pool,
          uniq_maurice, uniq_pikel, uniq_gastronok
D:9:      layout_loops_ring, serial_shops, shop, uniq_jeremiah, uniq_erolcha
Temple:   nicolae_temple_bog_church

Skill      XL: |  1  2  3  4  5  6  7  8  9 10 11 |
---------------+----------------------------------+-----
Earth Magic    | 4 5 6 7 9 10 | 10.0
Spellcasting   | 3 4 5 7 9 10 | 10.0
Conjurations   | 2 4 10 | 10.0
Evocations     | 1 |  1.4
Fighting       | 3 6 |  6.5
Dodging        | |  1.5
Stealth        | |  2.1
Transmutations | |  0.7

Action                     |  1- 3 |  4- 6 |  7- 9 | 10-12 || total
---------------------------+-------+-------+-------+-------++-------
  Melee: Unarmed           |     1 |       |       |       ||     1
         Staff             |       |       |       |     1 ||     1
  Throw: Dart              |       |     1 |     1 |       ||     2
   Cast: Sandblast         |    42 |    77 |   112 |    64 ||   295
         Stone Arrow       |       |     2 |    10 |    45 ||    57
    Use: Scroll            |       |       |    13 |     5 ||    18
         Potion            |       |       |       |     1 ||     1
 Armour: Robe              |    14 |    17 |    17 |       ||    48
         Steam dragon scal |       |       |       |    56 ||    56
  Dodge: Dodged            |    20 |    14 |    13 |    54 ||   101

Table legend: (Time is in decaauts)
 A = Elapsed time spent in this place.
 B = Non-inter-level travel time spent in this place.
 C = Inter-level travel time spent in this place.
 D = Time resting spent in this place.
 E = Time spent auto-exploring this place.
 F = Levels seen in this place.
 G = Mean time per level.
                   A        B        C        D        E       F      G
               +--------+--------+--------+--------+--------+-----+--------+
         Total |   8308 |   8056 |    252 |    469 |   6212 |  10 |  830.8 |
       Dungeon |   8307 |   8055 |    252 |    469 |   6212 |   9 |  923.0 |
        Temple |      1 |      1 |      0 |      0 |      0 |   1 |    1.0 |
               +--------+--------+--------+--------+--------+-----+--------+

Top non-repeatable levels by time:
     D:8: 1510 daAuts
     D:5: 1061 daAuts
     D:4: 1011 daAuts
     D:7: 964 daAuts
     D:1: 949 daAuts
     D:2: 876 daAuts
     D:6: 787 daAuts
     D:3: 734 daAuts
     D:9: 410 daAuts
  Temple: 1 daAuts
